 Dungeon Crawl Stone Soup version 0.31-a0-261-g072fdb8a1f (webtiles) character file.

Game seed: 17618656669509784410

60813 gruber the Brawler (level 14, -1/165 HPs)
             Began as a Demonspawn Shapeshifter on July 13, 2023.
             Was an Elder of Ru.
             Slain by an orc warrior
             ... wielding a +2 halberd of pain
             ... led by an orc warlord
              (5 damage)
             ... on level 2 of the Orcish Mines.
             The game lasted 00:32:06 (22603 turns).

gruber the Brawler (Demonspawn Shapeshifter)       Turns: 22603, Time: 00:32:07

Health: -1/165     AC: 27    Str: 19      XL:     14   Next: 58%
Magic:  0/14       EV:  2    Int: 16 (17) God:    Ru [****..]
Gold:   1415       SH:  0    Dex: 19      Spells: 11/13 levels left

rFire   . .          .
                       - Unarmed
rCold   . . .        (shield unavailable)
rNeg    . . .        B - melded +2 leather armour {rF+}
rPois   +            (helmet currently unavailable)
rElec   .            (cloak currently unavailable)
rCorr   .            (gloves currently unavailable)
SInv    .            (boots unavailable)
Will    +....        (no amulet)
Stlth   +++          (ring unavailable)
HPRegen 0.47/turn    N - ring of Piyhuani {Int+6 Dex+5 Stlth+}
MPRegen 0.28/turn

%: guardian spirit
@: tree-form, wereblooded (expiring), spiked, unable to read
A: stationary, stasis, torment immunity, boosted hp, (hooves 3), ignite blood 2,
magic shield, magic regeneration, magic link, inability to read after injury 2,
missing a hand, (sanguine armour 3), screaming 1
a: Renounce Religion, Draw Out Power, Power Leap


You were on level 2 of the Orcish Mines.
You worshipped Ru.
Ru was greatly pleased with you.
You were a tree.
You visited 4 branches of the dungeon, and saw 21 of its levels.
You also visited: Gauntlet.

You collected 1415 gold pieces.

Inventory:

Missiles
 f - 11 curare-tipped darts
 A - 24 poisoned darts (quivered)
 P - 10 silver javelins
Armour
 B - a +2 leather armour of fire resistance (melded)
Jewellery
 x - a ring of wizardry
 D - a ring of see invisible
 F - a ring of resist corrosion
 H - a ring of protection from fire
 L - the ring "Kososs" {rC+ Will- Str+2 Int+2}
   (You took it off an orc wizard on level 12 of the Dungeon)

   [ring of protection from cold]

   Str:       It affects your strength (+2).
   Int:       It affects your intelligence (+2).
   rC:        It protects you from cold.
   Will:      It decreases your willpower.
 N - the ring of Piyhuani (right branch) {Int+6 Dex+5 Stlth+}
   (You found it in a Gauntlet)

   [ring of intelligence]

   Int:       It affects your intelligence (+6).
   Dex:       It affects your dexterity (+5).
   Stlth:     It makes you more stealthy.
 O - a ring of poison resistance
Talismans
 c - a beast talisman
Wands
 r - a wand of mindburst (41)
 t - a wand of paralysis (28)
 E - a wand of flame (17)
 K - a wand of roots (4)
Scrolls
 a - 2 scrolls of fog {unknown}
 d - 17 scrolls of identify {unknown}
 h - 4 scrolls of fear {unknown}
 j - a scroll of revelation {unknown}
 k - a scroll of noise {unknown}
 n - 2 scrolls of amnesia {unknown}
 o - 3 scrolls of vulnerability {unknown}
 v - 6 scrolls of teleportation {unknown}
 w - a scroll of poison {unknown}
 y - a scroll of silence {unknown}
 C - 2 scrolls of acquirement {unknown}
 J - 2 scrolls of enchant armour {unknown}
 M - 2 scrolls of immolation {unknown}
Potions
 b - 4 potions of lignification
 e - 4 potions of brilliance {unknown}
 g - 2 potions of invisibility {unknown}
 i - a potion of berserk rage {unknown}
 l - 6 potions of curing {unknown}
 m - a potion of degeneration {unknown}
 p - 6 potions of enlightenment {unknown}
 q - 2 potions of magic {unknown}
 s - a potion of mutation {unknown}
 u - a potion of might {unknown}
 z - 4 potions of attraction {unknown}
 I - 4 potions of cancellation {unknown}
 T - a potion of heal wounds {unknown}
 U - a potion of ambrosia {unknown}
 W - a potion of haste
Miscellaneous
 G - a phantom mirror
 Q - a lightning rod (4/4)
 R - a phial of floods
 S - a tin of tremorstones (2/2)
 V - a sack of spiders


   Skills:
 - Level 10.3 Fighting
 - Level 5.1 Armour
 * Level 10.4 Dodging
 - Level 15.0 Unarmed Combat
 - Level 3.0 Transmutations
 - Level 10.3 Shapeshifting


You had 11 spell levels left.
You knew the following spells:

 Your Spells              Type           Power      Damage    Failure   Level
a - Wereblood             Tmut           9%         N/A       11%         2

Your spell library contained the following spells:

 Spells                   Type           Power      Damage    Failure   Level
 Summon Small Mammal      Summ           0%         N/A       26%         1
 Blink                    Tloc           0%         N/A       36%         2
 Lesser Beckoning         Tloc           0%         N/A       36%         2
 Momentum Strike          Conj/Tloc      0%         3d8       36%         2
 Sublimation of Blood     Necr           0%         N/A       36%         2
 Call Canine Familiar     Summ           0%         N/A       58%         3
 Ozocubu's Armour         Ice            0%         N/A       58%         3
 Portal Projectile        Hex/Tloc       0%         N/A       58%         3
 Summon Guardian Golem    Hex/Summ       0%         N/A       58%         3
 Petrify                  Tmut/Erth      4%         N/A       80%         4
 Animate Armour           Summ/Erth      0%         N/A       94%         4
 Leda's Liquefaction      Hex/Erth       0%         N/A       94%         4
 Summon Lightning Spire   Summ/Air       0%         N/A       94%         4
 Irradiate                Conj/Tmut      2%         3d12      98%         5
 Lee's Rapid Deconstruct  Erth           0%         3d4*      100%        5
 Ozocubu's Refrigeration  Ice            0%         4d7       100%        7
 Summon Hydra             Summ           0%         N/A       100%        7


Dungeon Overview and Level Annotations

Branches:
Dungeon (13/15)            Temple (1/1) D:5            Lair (5/5) D:10
 Shoals (0/4) Lair:3       Spider (0/4) Lair:3        Slime (0/5) Lair:5
    Orc (2/2) D:10        Gauntlet (visited)
    Elf: Orc:2       Vaults: D:13-14

Altars:
Ashenzari
Cheibriados
Dithmenos
Fedhas
Gozag
Hepliaklqana
Kikubaaqudgha
Makhleb
Nemelex Xobeh
Okawaru
Qazlal
Ru
Sif Muna
Trog
Uskayaw
Vehumet
Wu Jian
Xom
Yredelemnul
Jiyva

Shops:
D:2 [   D:8 (   Orc:2 :

Annotations:
D:8 1 runed translucent door
D:10 3 runed translucent doors, Thantalas's ghost, novice DsCj
Lair:2 1 runed translucent door, initializr's ghost, journeyman DrWr


Innate Abilities, Weirdness & Mutations

You are a tree.
Your roots penetrate the ground, keeping you stationary.
You cannot be teleported.
You are immune to unholy pain and torment.
Your maximum health is greatly increased.
Your equipment is partially melded.
((You have hooves in place of feet.))
Your demonic aura often causes spilled blood to erupt in flames.
When hurt, damage is shared between your health and your magic reserves.
You regenerate magic rapidly.
When low on magic, you restore magic in place of health.
You sometimes lose the ability to read scrolls when taking damage.
You are missing a hand.
((When seriously injured, your blood forms very thick armour. (AC +0)))
You occasionally shout uncontrollably at your foes.


Message History

The orc high priest is engulfed in blazing flames.
The orc high priest utters an invocation to Beogh.
The orc warrior hits you but does no damage.
Unknown command.
You hit the orc high priest.
The orc high priest is severely wounded.
The orc high priest no longer looks unusually strong.
The orc no longer looks unusually strong.
The orc warrior barely misses you.
The orc high priest is engulfed in blazing flames.
You feel a bit better.
You kill the orc high priest!
The orange demon disappears in a puff of smoke!
The ice devil disappears in a puff of smoke!
Unknown command.
You swing at nothing.
Your primal bloodlust is almost over.
The orc warrior hits you but does no damage.
You swing at nothing.
The red devil hits you from afar with a +0 trident.
* * * LOW HITPOINT WARNING * * *
Barbed spikes become lodged in your body.
You swing at nothing.
You creak as the wereblood boils in your veins!
The orc warrior hits you from afar with a +2 halberd of pain!
* * * LOW HITPOINT WARNING * * *
The red devil hits you from afar with a +0 trident.
* * * LOW HITPOINT WARNING * * *
Barbed spikes become lodged in your body.
Unknown command.
You swing at nothing.
The orc warrior hits you from afar with a +2 halberd of pain.
* * * LOW HITPOINT WARNING * * *
The red devil hits you but does no damage.
Unknown command.
Unknown command.
You hit the orc.
The orc is heavily wounded.
The orc warrior hits you from afar with a +2 halberd of pain.
You die...

####...#####
##.#.....#.##
##........)..# ..
#.......<.#.## ..<.
##..#...######
....##.....<####..##
.......$#).).##....#
.......#..))....)).#
.......))....#)♣.#
..##...))).#.##o###
.##.....)###.o4o.##
..#.....o....(.o..#
.....∩........#4...#
.................$##
..................#
..^...............#
.......$...........#


You could see a chaos spawn (summoned), an orc sorcerer (strong), a red devil
(summoned), an orc warrior and 2 orcs.

Vanquished Creatures
  Jorgrun (D:10)
  An orc warlord (Orc:2)
  A minotaur (Gauntlet)
  A great orb of eyes (Gauntlet)
  5 hydras
  3 catoblepae
  A boulder beetle (D:11)
  A deep troll shaman (Lair:5)
  Erica (D:9)
  A death scarab (Gauntlet)
  2 tengu warriors (D:12)
  7 death yaks
  An orc high priest (Orc:2)
  Amaemon (D:11)
  A skyshark (Lair:4)
  Lodul (D:10)
  A deep troll (D:9)
  Pikel (D:4)
  A manticore (D:11)
  3 cyclopes
  12 elephants
  An ugly thing (Gauntlet)
  4 black mambas
  Maurice (Orc:2)
  A torpor snail (Lair:5)
  An orange demon (D:11)
  8 cane toads
  An unseen horror (D:5)
  A gargoyle (D:10)
  3 rime drakes
  6 komodo dragons
  A meliai (Lair:3)
  7 trolls
  2 polar bears
  2 hornets
  5 blink frogs (Lair:3)
  4 dream sheep (Lair:5)
  A spectral black mamba (Gauntlet)
  9 slime creatures (D:12)
  13 wyverns
  51 yaks
  2 vampires
  2 wraiths
  3 basilisks
  3 steam dragons
  6 vampire mosquitoes (D:11)
  A warg (Orc:2)
  2 swamp worms (Gauntlet)
  An acid dragon (D:11)
  14 water moccasins
  A sky beast (D:7)
  12 orc warriors
  6 black bears
  2 ice beasts
  12 ogres
  7 centaurs
  16 wolves
  2 phantoms (D:5)
  A lemure (D:4)
  4 kobold brigands
  17 bullfrogs
  2 gnoll sergeants
  3 scorpions
  13 wights
  9 killer bees
  9 howler monkeys
  A crimson imp (D:5)
  21 orc priests
  A sleepcap (D:6)
  3 hounds (D:5)
  2 iguanas
  2 jellies (D:5)
  A gnoll bouda (D:7)
  21 orc wizards
  14 gnolls
  8 adders
  A shadow imp (D:5)
  An ufetubus (D:6)
  3 worms
  4 dart slugs
  88 orcs
  7 ball pythons
  4 endoplasms
  3 giant cockroaches
  6 goblins
  12 hobgoblins
  2 jackals (D:4)
  6 quokkas
  8 bats
  7 frilled lizards
  28 kobolds
  8 rats
581 creatures vanquished.

Vanquished Creatures (others)
  A rime drake (Lair:2)
  A killer bee (D:9)
2 creatures vanquished.

Grand Total: 583 creatures vanquished

Notes
Turn   | Place    | Note
-------+----------+-------------------------------------------
     0 | D:1      | gruber the Demonspawn Shapeshifter began the quest for the
                  | Orb.
     0 | D:1      | Reached XP level 1. HP: 16/16 MP: 1/1
    28 | D:1      | Reached skill level 2 in Unarmed Combat
   127 | D:1      | Found a faded altar of an unknown god.
   159 | D:1      | Gained mutation: You have large cloven feet. [demonic
                  | ancestry]
   159 | D:1      | Reached XP level 2. HP: 21/22 MP: 2/2
   286 | D:1      | Reached skill level 3 in Unarmed Combat
   429 | D:1      | Gained mutation: Your demonic aura sometimes causes spilled
                  | blood to erupt in flames. [demonic ancestry]
   429 | D:1      | Reached XP level 3. HP: 27/27 MP: 3/3
   838 | D:2      | Found Cyagiaxeki's Armour Emporium.
  1200 | D:3      | Reached XP level 4. HP: 32/33 MP: 4/4
  1218 | D:3      | Reached skill level 4 in Unarmed Combat
  1815 | D:4      | Noticed Pikel
  1815 | D:4      | Noticed a lemure
  1815 | D:4      | Noticed a lemure
  1816 | D:4      | Noticed a lemure
  1817 | D:4      | Noticed a lemure
  1821 | D:4      | Killed a lemure
  1827 | D:4      | Killed Pikel
  1828 | D:4      | Reached skill level 7 in Unarmed Combat
  1828 | D:4      | Gained mutation: Your demonic aura often causes spilled
                  | blood to erupt in flames. [demonic ancestry]
  1828 | D:4      | Reached XP level 5. HP: 14/38 MP: 5/5
  1828 | D:4      | Gained mutation: You have hoof-like feet. [demonic
                  | ancestry]
  1828 | D:4      | Reached XP level 6. HP: 16/44 MP: 6/6
  1828 | D:4      | Gained mutation: When seriously injured, your blood forms
                  | armour. (AC +0) [demonic ancestry]
  1828 | D:4      | Reached XP level 7. HP: 18/50 MP: 7/7
  2798 | D:5      | Entered Level 5 of the Dungeon
  2933 | D:5      | Reached skill level 5 in Fighting
  2950 | D:5      | Gained mutation: When seriously injured, your blood forms
                  | thick armour. (AC +0) [demonic ancestry]
  2950 | D:5      | Reached XP level 8. HP: 38/63 MP: 8/8
  3254 | D:5      | Killed an unseen horror
  3612 | D:5      | Found an ornate altar of the Wu Jian Council.
  3910 | D:5      | Found a staircase to the Ecumenical Temple.
  4087 | D:5      | Found a burning altar of Makhleb.
  4126 | Temple   | Entered the Ecumenical Temple
  4126 | Temple   | Found a transporter.
  4126 | Temple   | Found a transporter.
  4128 | Temple   | Found a transporter.
  4128 | Temple   | Found a transporter.
  4160 | Temple   | Became a worshipper of Ru the Awakened
  4499 | D:6      | Reached skill level 5 in Dodging
  4499 | D:6      | Gained mutation: You regenerate magic rapidly. [demonic
                  | ancestry]
  4499 | D:6      | Reached XP level 9. HP: 72/72 MP: 9/9
  4511 | D:6      | Reached skill level 1 in Armour
  5049 | D:6      | Found Jojyhamise's General Store.
  6214 | D:7      | Reached skill level 5 in Armour
  6317 | D:7      | Gained mutation: You are missing a hand. [Ru sacrifice]
  6317 | D:7      | Reached * piety under Ru
  6317 | D:7      | Reached ** piety under Ru
  6703 | D:7      | Learned a level 2 spell: Wereblood
  6928 | D:8      | Reached skill level 1 in Transmutations
  7113 | D:8      | Reached XP level 10. HP: 78/79 MP: 10/10
  7501 | D:8      | Found a runed translucent door.
  7503 | D:8      | Noticed a sixfirhy
  7537 | D:8      | Reached skill level 5 in Shapeshifting
  8040 | D:8      | Found Huhil's Antique Weapon Boutique.
  8112 | D:9      | Noticed Erica
  8119 | D:9      | Killed Erica
  8570 | D:9      | Paralysed by a hornet for 1 turns
  8743 | D:9      | Gained mutation: You have hooves in place of feet. [demonic
                  | ancestry]
  8743 | D:9      | Reached XP level 11. HP: 72/84 MP: 8/11
  9039 | D:9      | Noticed a deep troll
  9050 | D:9      | Killed a deep troll
  9311 | D:9      | Reached skill level 10 in Fighting
  9890 | D:10     | Entered Level 10 of the Dungeon
 10072 | D:10     | Gained mutation: You occasionally lose the ability to read
                  | scrolls when taking damage. [Ru sacrifice]
 10072 | D:10     | Gained mutation: You sometimes lose the ability to read
                  | scrolls when taking damage. [Ru sacrifice]
 10072 | D:10     | Reached *** piety under Ru
 10072 | D:10     | Reached **** piety under Ru
 10084 | D:10     | Noticed Lodul
 10101 | D:10     | Reached skill level 8 in Unarmed Combat
 10103 | D:10     | Killed Lodul
 10186 | D:10     | Found a runed translucent gate.
 10186 | D:10     | Found a runed translucent gate.
 10186 | D:10     | Found a runed translucent gate.
 10192 | D:10     | Noticed Thantalas's ghost (novice DsCj)
 10228 | D:10     | Reached skill level 9 in Unarmed Combat
 10361 | D:10     | Found a staircase to the Orcish Mines.
 10718 | D:10     | Found a radiant altar of Vehumet.
 10771 | D:10     | Found a staircase to the Lair.
 11320 | D:11     | Gained mutation: When seriously injured, your blood forms
                  | very thick armour. (AC +0) [demonic ancestry]
 11320 | D:11     | Reached XP level 12. HP: 84/97 MP: 12/12
 11328 | D:11     | Reached skill level 10 in Unarmed Combat
 12094 | D:11     | Noticed Amaemon
 12102 | D:11     | Killed Amaemon
 12118 | D:11     | Reached skill level 11 in Unarmed Combat
 12517 | D:11     | Noticed a boulder beetle
 12532 | D:11     | Killed a boulder beetle
 12995 | D:12     | Identified the ring "Kososs" {rC+ Will- Str+2 Int+2}
 13415 | D:12     | Noticed a tengu warrior
 13415 | D:12     | Noticed a tengu warrior
 13420 | D:12     | Killed a tengu warrior
 13421 | D:12     | Reached skill level 12 in Unarmed Combat
 13424 | D:12     | Killed a tengu warrior
 14186 | D:13     | Noticed a death knight
 14261 | Orc:1    | Entered Level 1 of the Orcish Mines
 14279 | Orc:1    | Noticed Jorgrun
 14332 | Lair:1   | Entered Level 1 of the Lair of Beasts
 14410 | Lair:1   | Noticed a catoblepas
 14422 | Lair:1   | Killed a catoblepas
 14503 | Lair:1   | Reached skill level 13 in Unarmed Combat
 14725 | Lair:1   | Found a gate leading to a gauntlet.
 14732 | Gauntlet | Entered a Gauntlet
 14732 | Gauntlet | Found a transporter.
 14732 | Gauntlet | Found a transporter.
 14732 | Gauntlet | Found a runed translucent door.
 14734 | Gauntlet | Found a runed translucent door.
 14736 | Gauntlet | Found a transporter.
 14739 | Gauntlet | Found a transporter.
 14766 | Gauntlet | Noticed a death scarab
 14769 | Gauntlet | Found a transporter.
 14772 | Gauntlet | Found a transporter.
 14772 | Gauntlet | Found a transporter.
 14773 | Gauntlet | Found a transporter.
 14787 | Gauntlet | Found a transporter.
 14800 | Gauntlet | Noticed a great orb of eyes
 14802 | Gauntlet | Found a transporter.
 14809 | Gauntlet | Found a transporter.
 14809 | Gauntlet | Noticed a quicksilver ooze
 14827 | Gauntlet | Found a transporter.
 14847 | Gauntlet | Found a transporter.
 14848 | Gauntlet | Found a runed translucent door.
 14859 | Gauntlet | Found a transporter.
 14877 | Gauntlet | Upgraded the game from 0.31-a0-246-g8cbcc1cb85 to
                  | 0.31-a0-261-g072fdb8a1f
 15073 | Gauntlet | Killed a death scarab
 15286 | Gauntlet | Killed a great orb of eyes
 15430 | Gauntlet | Identified the ring of Piyhuani {Int+6 Dex+5 Stlth+}
 15449 | Gauntlet | Noticed a minotaur
 15458 | Gauntlet | Killed a minotaur
 15459 | Gauntlet | Gained mutation: When hurt, damage is shared between your
                  | health and your magic reserves. [demonic ancestry]
 15459 | Gauntlet | Reached XP level 13. HP: 46/103 MP: 8/13
 15642 | Lair:1   | Identified the +0 cloak of Free Expression {Rampage}
 15841 | Lair:1   | Reached skill level 14 in Unarmed Combat
 16431 | Lair:2   | Found a runed translucent door.
 16434 | Lair:2   | Noticed initializr's ghost (journeyman DrWr)
 17140 | Lair:2   | Identified the +1 trident "Earthworm" {venom, rF+ Str-3
                  | Int+2 Dex+3}
 17717 | Lair:3   | Found a hole to the Spider Nest.
 17723 | Lair:3   | Reached skill level 15 in Unarmed Combat
 18111 | Lair:3   | Found a staircase to the Shoals.
 19003 | Lair:4   | Reached skill level 10 in Shapeshifting
 19309 | Lair:4   | You fall into a shaft and drop 1 floor!
 19309 | Lair:5   | Entered Level 5 of the Lair of Beasts
 19345 | Lair:5   | Found a staircase to the Slime Pits.
 19349 | Lair:5   | Found a viscous altar of Jiyva.
 19587 | Lair:5   | Gained mutation: When low on magic, you restore magic in
                  | place of health. [demonic ancestry]
 19587 | Lair:5   | Reached XP level 14. HP: 73/110 MP: 6/14
 22077 | D:10     | Killed Jorgrun
 22301 | Orc:2    | Entered Level 2 of the Orcish Mines
 22451 | Orc:2    | Found Weggumin's Book Boutique.
 22451 | Orc:2    | Noticed Maurice
 22467 | Orc:2    | Killed Maurice
 22482 | Orc:2    | Reached skill level 10 in Dodging
 22553 | Orc:2    | Noticed an orc warlord
 22592 | Orc:2    | Gained mutation: You occasionally shout uncontrollably at
                  | your foes. [a neqoxec]
 22593 | Orc:2    | Killed an orc warlord
 22601 | Orc:2    | HP: 7/165 [red devil/+0 trident[an orc sorcerer] (4)]
 22603 | Orc:2    | Slain by an orc warrior

Illustrated notes

Levels and vault maps discovered:
D:1:      wheals_arrival_shading, layout_rooms, ebering_ecumenical_altar_rust,
          serial_corexii_hall, corexii_hall_statues_i,
          chequers_hall_statues_wall_a, kennysheep_nondescript,
          minmay_misc_feat_cross, minmay_statues_item
D:2:      layout_rooms, serial_glass, glass_columns_c, glass_columns_b,
          glass_columns_a, glass_columns_b, glass_columns_c,
          minmay_strange_pillars, serial_shops, nicolae_shop_scrapyard
D:3:      layout_loops_ring, minmay_misc_feat_diagonals,
          hangedman_decor_clover_reticule
D:4:      layout_basic, uniq_pikel
D:5:      minmay_chambers_of_fours, layout_basic, makhleb_grotto_becter,
          nzn_wu_jian_contemplation, minmay_temple_entry_overgrown,
          serial_bayou_pond_e
D:6:      layout_layer_cave, serial_shops, shop_fountains
D:7:      layout_layer_cave, enter_bailey_5
D:8:      cheibrodos_shockbox, layout_basic, serial_shops, shop
D:9:      lemuel_troll_bridge, layout_basic, lightli_minifort, uniq_erica
D:10:     layout_roguey, vehumet_altar_wand_db, lair_entry_dummy,
          hiddenorc2_lemuel, gammafunk_ghost_necromancy, uniq_lodul
D:11:     layout_basic, uniq_amaemon
D:12:     layout_irregular_city, wad_floor_pattern_2, palyth_stone_intersect
D:13:     layout_roguey, skrybe_vaults_entry_preservation, serial_aquarium,
          aquarium_bridge_square [aquarium_subvault_balcony,
          aquarium_subvault_bridge, aquarium_subvault_window,
          aquarium_subvault_bridge], aquarium_bridge_square
          [aquarium_subvault_wall, aquarium_subvault_balcony,
          aquarium_subvault_bridge, aquarium_subvault_window],
          aquarium_window_1, aquarium_window_corridor_1, aquarium_view_2e,
          aquarium_view_2d, aquarium_balcony_1b, aquarium_pool_2
Temple:   hellmonk_temple_divided_pantheon
Lair:1:   layout_misc_corridors, gauntlet_entry_generic, st_stairs_11,
          beast_lair_carwin_6
Lair:2:   layout_layer_cave, enter_volcano_4, ebering_ghost_funeral_grove,
          grunt_megastairs_2, lemuel_fruit_tree
Lair:3:   layout_misc_corridors, elwin_shoals_entry_rocks,
          hellmonk_spider_entry_not_the_bees
Lair:4:   layout_roguey, beast_lair_carwin_7
Lair:5:   grunt_lair_end_beastmaster, layout_cave_pods, slime_entry_1,
          grunt_megastairs_4
Orc:1:    layout_caves, nicolae_orc_stony_grotto, uniq_jorgrun
Orc:2:    grunt_orc_cross, layout_caves, serial_shops, shop, shop, uniq_maurice

Skill      XL: |  1  2  3  4  5  6  7  8  9 10 11 12 13 14 |
---------------+-------------------------------------------+-----
Unarmed Combat | 2 3 7 9 13 15 | 15.0
Fighting       | 5 7 10 | 10.3
Dodging        | 5 6 10 | 10.4
Armour         | 5 |  5.1
Shapeshifting  | 4 8 10 | 10.3
Transmutations | 3 |  3.0

Action                     |  1- 3 |  4- 6 |  7- 9 | 10-12 | 13-15 || total
---------------------------+-------+-------+-------+-------+-------++-------
  Melee: Unarmed           |   101 |    42 |   273 |   517 |   397 ||  1330
         Punch             |     2 |     1 |    13 |       |       ||    16
         Kick              |    21 |    12 |   102 |   235 |   163 ||   533
  Throw: Dart              |       |       |       |    23 |    14 ||    37
   Cast: Wereblood         |       |       |     4 |    38 |    27 ||    69
 Invoke: Sacrifice a Hand  |       |       |     1 |       |       ||     1
         Sacrifice Words   |       |       |       |     1 |       ||     1
         Power Leap        |       |       |       |     1 |       ||     1
         Reject Sacrifices |       |       |       |       |     1 ||     1
  Evoke: Wand              |       |       |       |       |     1 ||     1
    Use: Potion            |       |       |       |       |     1 ||     1
   Stab: Sleeping          |     2 |     1 |       |       |     6 ||     9
         Distracted        |       |       |       |     3 |     3 ||     6
         Invisible         |       |       |       |     2 |     3 ||     5
 Armour: Animal skin       |    21 |     5 |    30 |       |       ||    56
         Leather armour    |       |       |    34 |    85 |    45 ||   164
         Skin              |       |       |       |       |     4 ||     4
  Dodge: Dodged            |    54 |    22 |   133 |   245 |   200 ||   654

Table legend: (Time is in decaauts)
 A = Elapsed time spent in this place.
 B = Non-inter-level travel time spent in this place.
 C = Inter-level travel time spent in this place.
 D = Time resting spent in this place.
 E = Time spent auto-exploring this place.
 F = Levels seen in this place.
 G = Mean time per level.
                   A        B        C        D        E       F      G
               +--------+--------+--------+--------+--------+-----+--------+
         Total |  22380 |  21701 |    679 |    677 |  17781 |  22 | 1017.3 |
       Dungeon |  14327 |  13881 |    446 |    473 |  11265 |  13 | 1102.1 |
        Temple |     52 |     35 |     17 |      0 |      6 |   1 |   52.0 |
          Lair |   6808 |   6611 |    197 |      0 |   5824 |   5 | 1361.6 |
  Orcish Mines |    451 |    434 |     17 |      7 |    275 |   2 |  225.5 |
      Gauntlet |    740 |    740 |      0 |    197 |    411 |   1 |  740.0 |
               +--------+--------+--------+--------+--------+-----+--------+

Top non-repeatable levels by time:
  Lair:5: 2096 daAuts
     D:9: 1791 daAuts
     D:5: 1756 daAuts
    D:11: 1588 daAuts
     D:6: 1569 daAuts
  Lair:2: 1562 daAuts
    D:10: 1504 daAuts
    D:12: 1473 daAuts
  Lair:4: 1386 daAuts
     D:8: 1297 daAuts
  Lair:1: 1110 daAuts
     D:4: 1024 daAuts
Gauntlet: 740 daAuts
  Lair:3: 652 daAuts
     D:1: 646 daAuts
